 Dungeon Crawl Stone Soup version 0.22-a0-247-gbddf880 (webtiles) character file.

77 mortelune the Chiller (level 4, 0/30 HPs)
             Began as a Demonspawn Ice Elementalist on Feb 23, 2018.
             Killed from afar by an orc wizard (6 damage)
             ... with a magic dart
             ... on level 3 of the Dungeon.
             The game lasted 00:05:28 (2965 turns).

mortelune the Chiller (Demonspawn Ice Elementalist) Turns: 2965, Time: 00:05:29

Health: 0/30       AC:  6    Str:  8    XL:     4   Next: 14%
Magic:  0/8        EV: 12    Int: 18    God:
Gold:   89         SH:  0    Dex: 13    Spells: 2/8 levels left

rFire    + . .     SeeInvis .   c - -2 club (curse)
rCold    . . .     Gourm    .   (no shield)
rNeg     . . .     Faith    .   l - +1 robe {rF+}
rPois    .         Spirit   .   (no helmet)
rElec    .         Reflect  .   i - +0 cloak
rCorr    .         Harm     .   d - +1 pair of gloves
MR       .....                  (no boots)
Stlth    ++........             (no amulet)
HPRegen  0.10/turn              (no ring)
MPRegen  0.11/turn              (no ring)

@: hasted, very quick
A: powered by death 2
a: no special abilities


You were on level 3 of the Dungeon.
You were not hungry.

You visited 1 branch of the dungeon, and saw 3 of its levels.

You collected 89 gold pieces.

Inventory:

Hand Weapons
 c - a cursed -2 club (weapon)
 e - a +0 short sword
Armour
 a - a +0 robe
 d - a +1 pair of gloves (worn)
 i - a +0 cloak (worn)
 l - a +1 robe of fire resistance (worn)
Scrolls
 h - a scroll of fear {unknown}
 k - a scroll of teleportation {unknown}
 m - a scroll of enchant armour {unknown}
 n - a scroll of blinking {unknown}
 o - a scroll of amnesia {unknown}
 p - a scroll of remove curse {unknown}
Potions
 f - a potion of agility
 j - a potion of lignification
Comestibles
 b - 5 rations


   Skills:
 - Level 1.7 Dodging
 - Level 1.7 Stealth
 + Level 2.8 Spellcasting
 + Level 1.9 Conjurations
 * Level 3.7 Ice Magic


You had 2 spell levels left.
You knew the following spells:

 Your Spells              Type           Power        Failure   Level  Hunger
a - Freeze                Ice            ###.         3%          1    None
b - Throw Frost           Conj/Ice       ##....       8%          2    ##.....
c - Ozocubu's Armour      Chrm/Ice       #.......     22%         3    ###....


Dungeon Overview and Level Annotations

Branches:
Dungeon (3/15)

Altars:
Elyvilon


Innate Abilities, Weirdness & Mutations

You regenerate health from kills.


Message History

The puff of frost misses the orc wizard.
Casting: Throw Frost (safe; 8% risk of failure)
Confirm with . or Enter, or press ? or * to list all spells.
Aiming: Throw Frost (safe; 8% risk of failure)
Press: ? - help, Shift-Dir - straight line, f/p - orc wizard
Aim: an orc wizard, wielding a dagger and wearing a robe (moderately wounded, fast)
The puff of frost misses the orc wizard.
The puff of frost hits the orc priest.
The orc priest is moderately wounded.
The orc wizard gestures at you while chanting.
The magic dart hits you!
* * * LOW HITPOINT WARNING * * *
It was a potion of haste.
You feel yourself speed up. The orc wizard barely misses you.
An orc comes into view. It is wielding a hand axe.
The orc wizard casts a spell at you. The puff of flame misses you.
The orc wizard casts a spell at you. The magic dart hits you!
You die...

##
############################.
o....o..o...@................
#####################..#####.
##.# #. #.# #. #.# #. #.# ##
#.. ##. .


You could see an orc priest and an orc wizard.

Vanquished Creatures
  Jessica (D:2)
  An adder (D:2)
  A dart slug (D:2)
  2 leopard geckos (D:2)
  6 goblins
  6 hobgoblins
  2 jackals (D:2)
  6 kobolds
  A quokka (D:2)
  3 bats
  4 frilled lizards
  3 rats (D:2)
36 creatures vanquished.

Notes
Turn   | Place    | Note
-------+----------+-------------------------------------------
     0 | D:1      | mortelune the Demonspawn Ice Elementalist began the quest for the Orb.
     0 | D:1      | Reached XP level 1. HP: 13/13 MP: 3/3
     6 | D:1      | Noticed a rime drake
     6 | D:1      | Noticed a black bear
   264 | D:1      | Reached skill level 3 in Ice Magic
   273 | D:1      | Gained mutation: You regenerate a little health from kills. [demonic ancestry]
   273 | D:1      | Reached XP level 2. HP: 19/19 MP: 0/5
   277 | D:1      | Learned a level 2 spell: Throw Frost
  1674 | D:2      | Found a white marble altar of Elyvilon.
  1760 | D:2      | Reached XP level 3. HP: 24/24 MP: 3/6
  1765 | D:2      | Learned a level 3 spell: Ozocubu's Armour
  1877 | D:2      | Noticed Jessica
  1881 | D:2      | Killed Jessica
  2125 | D:2      | Gained mutation: You regenerate health from kills. [demonic ancestry]
  2125 | D:2      | Reached XP level 4. HP: 30/30 MP: 5/8
  2965 | D:3      | Killed from afar by an orc wizard

Vault maps used:
D:1:      onia_arrival_zoo_common, serial_forest,
          infiniplex_forest_clump_medium, infiniplex_forest_diagonal,
          infiniplex_forest_end_2, infiniplex_forest_diagonal,
          infiniplex_forest_clump_double, infiniplex_forest_clump_small,
          infiniplex_forest_clump_small, infiniplex_forest_straight_2,
          infiniplex_forest_corner_2
D:2:      elyvilon_altar_4, corexii_leaking_fountain, uniq_jessica
D:3:      zin_academy

Skill      XL: |  1 |
---------------+----+-----
Ice Magic      | 3 |  3.7
Dodging        | |  1.7
Stealth        | |  1.7
Spellcasting   | |  2.8
Conjurations   | |  1.9

Action                   |  1- 3 |  4- 6 || total
-------------------------+-------+-------++-------
Melee: Club              |     3 |       ||     3
       Unarmed           |     2 |       ||     2
 Cast: Freeze            |    30 |     3 ||    33
       Throw Frost       |    16 |    14 ||    30
  Use: Scroll            |       |     2 ||     2
       Potion            |       |     1 ||     1
  Eat: Chunk             |     5 |     3 ||     8
Armor: Robe              |    10 |       ||    10
Dodge: Dodged            |    27 |     3 ||    30

Table legend:
 A = Spawn XP
 B = Non-spawn XP
 C = Spawn XP percentage of total XP
 D = Spawn monster count
 E = Non-spawn monster count
 F = Spawn count percentage of total count
 G = Total turns spent on level
                    A         B        C        D         E        F      G
               +---------+---------+-------+---------+---------+-------+---------
         Total |       0 |     111 |   0.0 |       0 |      36 |   0.0 |  2965
               +---------+---------+-------+---------+---------+-------+---------
           D:1 |       0 |      31 |   0.0 |       0 |      19 |   0.0 |  1333
           D:2 |       0 |      78 |   0.0 |       0 |      16 |   0.0 |  1437
           D:3 |       0 |       2 |   0.0 |       0 |       1 |   0.0 |   195
               +---------+---------+-------+---------+---------+-------+---------
